 Dungeon Sprint DCSS version 0.23-a0-109-g5e4b187 (webtiles) character file.

3800000 Fang the Axe Maniac (level 24, -11/249 HPs)
             Began as a Minotaur Gladiator on Aug 22, 2018.
             Was the Champion of Makhleb.
             Mangled by a large bag of meat
             ... wielding a +9 giant spiked club
              (121 damage)
             ... in the Dungeon (Sprint VIII: "Arena of Blood").
             The game lasted 00:00:35 (38 turns).

Fang the Axe Maniac (Minotaur Gladiator)              Turns: 38, Time: 00:00:36

Health: -11/249    AC:  6    Str: 28    XL:     24   Next: 92%
Magic:  20/53      EV: 32    Int:  5    God:    Makhleb [******]
Gold:   0          SH:  0    Dex: 15    Spells: 77/77 levels left

rFire    . . .     SeeInvis .   l - +∞ Axe of Woe
rCold    . . .     Gourm    .   (shield currently unavailable)
rNeg     . . .     Faith    .   b - +0 leather armour
rPois    .         Spirit   .   c - +0 hat
rElec    .         Reflect  .   (no cloak)
rCorr    .         Harm     .   (no gloves)
MR       +....     NoTele   +   (no boots)
Stlth    +++++++++.             (no amulet)
HPRegen  0.51/turn              (no ring)
MPRegen  0.33/turn              (no ring)

@: no status effects
A: retaliatory headbutt, horns 2
a: Minor Destruction, Lesser Servant of Makhleb, Major Destruction, Greater
Servant of Makhleb, Renounce Religion


You were in the Dungeon.
You worshipped Makhleb.
Makhleb was exalted by your worship.
You were not hungry.

You visited 1 branch

Inventory:

Hand Weapons
 a - a +0 war axe
 l - the +∞ Axe of Woe (weapon)
   (You found it in the Dungeon)
Missiles
 d - 3 throwing nets (quivered)
Armour
 b - a +0 leather armour (worn)
 c - a +0 hat (worn)
Scrolls
 k - a scroll of blinking
Potions
 e - a potion of curing
 g - a potion of heal wounds
 h - a potion of haste
 i - 2 potions of magic
 j - a potion of berserk rage
Comestibles
 f - a ration


   Skills:
 O Level 27 Fighting
 O Level 27 Axes
 O Level 27 Throwing
 O Level 27 Armour
 O Level 27 Dodging
 O Level 27 Stealth
 O Level 27 Unarmed Combat
 O Level 27 Spellcasting
 O Level 27 Invocations


You had 77 spell levels left.
You didn't know any spells.
Your spell library was empty.

Dungeon Overview and Level Annotations

Branches:
Dungeon (1/1)

Altars:
Makhleb


Innate Abilities, Weirdness & Mutations

You reflexively headbutt those who attack you in melee.
You have a pair of horns on your head.


Message History

You dice the large bag of meat like an onion!!!
You slaughter the large bag of meat joyfully.
The large bag of meat explodes!
The fiery explosion engulfs you! Makhleb accepts your kill.
You feel better.
You are engulfed in blazing flames.
You hear a shout! x4
A large bag of meat comes into view. It is wielding a +9 giant spiked club.
A sculptor of flesh comes into view. It is wielding a +9 great sword.
Unknown command.
An ogre and a two-headed ogre come into view.
You hear a shout! x2
The destroyer appears out of thin air!
A destroyer comes into view.
It is wielding a +9 great sword of slicing.
You hear a shout!
The destroyer blinks!
The large bag of meat hits you with a +9 giant spiked club!!!!
Ouch! That really hurt!
The large bag of meat hits you with a +9 giant spiked club!!!!
You die...

... #.....#......
....#_.<)_#......
...O#..)).#......
......._)).......
....O.###).......
..###.§O§)))###...
. #.§§§)o.# ..
.V.#.§.§§)§#...
..§....@§§......
......O.O§O....#
.......z......#.
........V...##..
O.#........#....
.O.........#...
.##.#....z.. ..
...........


You could see 2 destroyers, 2 sculptors of flesh, 5 large bags of meat, 3 meat
berserkers and a bag of meat.

Vanquished Creatures
  3 vampire knights (D)
  11 ogres (D)
  2 two-headed ogres (D)
  26 orcs (D)
42 creatures vanquished.

Notes
Turn   | Place    | Note
-------+----------+-------------------------------------------
     0 | D        | Found the +∞ Axe of Woe
     0 | D        | Fang the Minotaur Gladiator began the quest for the Orb.
     0 | D        | Reached XP level 1. HP: 18/18 MP: 0/0
     2 | D        | Noticed a bag of meat
     2 | D        | Noticed a meat berserker
     4 | D        | Became a worshipper of Makhleb the Destroyer
     5 | D        | Noticed a bag of meat
     5 | D        | Noticed a bag of meat
     7 | D        | Noticed a meat berserker
     9 | D        | Noticed a bag of meat
     9 | D        | Noticed a bag of meat
     9 | D        | Noticed a bag of meat
     9 | D        | Noticed a meat berserker
    10 | D        | Killed a meat berserker
    10 | D        | Reached XP level 2. HP: 47/47 MP: 1/1
    10 | D        | Reached XP level 3. HP: 53/53 MP: 2/2
    10 | D        | Reached XP level 4. HP: 61/61 MP: 3/3
    10 | D        | Reached XP level 5. HP: 68/68 MP: 4/4
    10 | D        | Reached XP level 6. HP: 75/75 MP: 5/5
    10 | D        | Reached XP level 7. HP: 82/82 MP: 6/6
    10 | D        | Reached XP level 8. HP: 90/90 MP: 7/7
    10 | D        | Reached XP level 9. HP: 96/96 MP: 8/8
    10 | D        | Reached XP level 10. HP: 104/104 MP: 9/9
    10 | D        | Reached XP level 11. HP: 111/111 MP: 10/10
    10 | D        | Reached XP level 12. HP: 118/118 MP: 11/11
    10 | D        | Reached XP level 13. HP: 125/125 MP: 12/12
    11 | D        | Noticed a meat berserker
    11 | D        | Killed a meat berserker
    11 | D        | Reached * piety under Makhleb
    11 | D        | Reached XP level 14. HP: 75/138 MP: 13/13
    12 | D        | Killed a bag of meat
    12 | D        | Reached skill level 27 in Axes
    12 | D        | Killed a meat berserker
    12 | D        | Reached skill level 27 in Dodging
    12 | D        | Reached XP level 15. HP: 129/160 MP: 14/14
    14 | D        | Reached ** piety under Makhleb
    14 | D        | Reached skill level 10 in Armour
    14 | D        | Reached XP level 16. HP: 180/180 MP: 15/15
    14 | D        | Reached skill level 27 in Fighting
    14 | D        | Reached *** piety under Makhleb
    15 | D        | Noticed a meat berserker
    16 | D        | Killed a meat berserker
    16 | D        | Reached skill level 27 in Throwing
    16 | D        | Reached XP level 17. HP: 191/191 MP: 16/16
    18 | D        | Reached **** piety under Makhleb
    18 | D        | Reached skill level 27 in Armour
    19 | D        | Reached skill level 10 in Unarmed Combat
    19 | D        | Reached skill level 10 in Invocations
    19 | D        | Reached XP level 18. HP: 200/200 MP: 16/27
    20 | D        | Killed a meat berserker
    20 | D        | Reached skill level 15 in Unarmed Combat
    20 | D        | Reached skill level 10 in Spellcasting
    21 | D        | Noticed a meat berserker
    21 | D        | Noticed a meat berserker
    22 | D        | Reached skill level 15 in Invocations
    22 | D        | Reached skill level 15 in Stealth
    22 | D        | Reached XP level 19. HP: 207/207 MP: 16/34
    22 | D        | Noticed a meat berserker
    23 | D        | Noticed a meat berserker
    23 | D        | Noticed a meat berserker
    24 | D        | Killed a meat berserker
    24 | D        | Reached ***** piety under Makhleb
    24 | D        | Reached skill level 15 in Spellcasting
    24 | D        | Reached XP level 20. HP: 216/216 MP: 16/40
    25 | D        | Noticed a large bag of meat
    27 | D        | Reached skill level 27 in Unarmed Combat
    27 | D        | Noticed a large bag of meat
    28 | D        | Reached ****** piety under Makhleb
    28 | D        | Reached XP level 21. HP: 224/224 MP: 17/43
    29 | D        | Reached skill level 27 in Invocations
    29 | D        | Reached skill level 27 in Stealth
    30 | D        | Reached skill level 27 in Spellcasting
    30 | D        | Reached XP level 22. HP: 233/233 MP: 18/52
    31 | D        | Noticed a destroyer
    31 | D        | Noticed a destroyer
    31 | D        | Noticed a large bag of meat
    31 | D        | Noticed a destroyer
    34 | D        | Killed a large bag of meat
    34 | D        | Reached XP level 23. HP: 171/240 MP: 19/53
    34 | D        | Killed a destroyer
    34 | D        | Noticed a destroyer
    35 | D        | Noticed a large bag of meat
    35 | D        | Noticed a large bag of meat
    36 | D        | Reached XP level 24. HP: 249/249 MP: 19/53
    36 | D        | Killed a destroyer
    37 | D        | Killed a destroyer
    37 | D        | Killed a large bag of meat
    37 | D        | Noticed a large bag of meat
    38 | D        | Noticed a large bag of meat
    38 | D        | Noticed a destroyer
    38 | D        | Mangled by a large bag of meat

Vault maps used:
D:        meatsprint

Skill      XL: |  1  2  3  4  5  6  7  8  9 10 11 12 13 14 15 16 17 18 19 20 21 |
---------------+----------------------------------------------------------------+-----
Fighting       | 14 16 22 26 27 | 27.0
Axes           | 23 26 27 | 27.0
Throwing       | 11 13 18 21 27 | 27.0
Dodging        | 21 24 27 | 27.0
Armour         | 2 8 10 22 27 | 27.0
Stealth        | 9 15 21 24 27 | 27.0
Unarmed Combat | 10 18 24 27 | 27.0
Spellcasting   | 7 12 17 19 27 | 27.0
Invocations    | 10 16 22 26 27 | 27.0

Action                   |  1- 3 |  4- 6 |  7- 9 | 10-12 | 13-15 | 16-18 | 19-21 | 22-24 || total
-------------------------+-------+-------+-------+-------+-------+-------+-------+-------++-------
Melee: Executioner's axe |     1 |       |       |       |     3 |     6 |     6 |     4 ||    20
Dodge: Dodged            |       |       |       |       |       |       |     1 |       ||     1

Table legend:
 A = Non-vault XP
 B = Vault XP
 C = Vault XP percentage of total XP
 D = Non-vault monster count
 E = Vault monster count
 F = Vault count percentage of total count
                 A         B        C        D         E       F
            +---------+---------+-------+---------+---------+-------
      Total |  570493 |  564198 |  49.7 |      17 |      25 |  59.5
            +---------+---------+-------+---------+---------+-------
          D |  570493 |  564198 |  49.7 |      17 |      25 |  59.5
            +---------+---------+-------+---------+---------+-------
